 Dungeon Crawl Stone Soup version 0.31-a0-538-gbc85326fa9 (webtiles) character file.

Game seed: 15913794584854006729

1330 Iich the Chopper (level 8, -7/99 HPs)
             Began as a Demonspawn Fighter on Aug 14, 2023.
             Was an Initiate of Gozag.
             Mangled by an orc warrior
             ... wielding a +0 halberd
              (15 damage)
             ... on level 6 of the Dungeon.
             The game lasted 00:10:55 (4648 turns).

Iich the Chopper (Demonspawn Fighter)               Turns: 4648, Time: 00:10:55

Health: -7/99      AC:  9    Str: 18    XL:     8   Next: 34%
Magic:  8/8        EV: 10    Int:  9    God:    Gozag
Gold:   235        SH: 11    Dex: 14    Spells: 7/7 levels left

rFire   + . .        v - +6 mace "Enoxkaur" {vamp, Drain rF+ rCorr}
rCold   . . .        c - +2 buckler
rNeg    . . .        b - +0 scale mail
rPois   .            (helmet restricted)
rElec   .            (no cloak)
rCorr   +            (no gloves)
SInv    .            m - +0 pair of boots
Will    .....        u - amulet of reflection Stlth
                     (no ring)
HPRegen 0.36/turn    (no ring)
MPRegen 0.11/turn

%: reflection
@: berserking, very quick
A: horns 2, rugged brown scales 2
a: Renounce Religion, Potion Petition, Call Merchant, Bribe Branch


You were on level 6 of the Dungeon.
You worshipped Gozag.
Gozag was aware of your devotion.
You visited 2 branches of the dungeon, and saw 7 of its levels.
You also visited: Sewer.

You collected 338 gold pieces.
You paid 103 gold pieces to Gozag.

Inventory:

Hand Weapons
 a - a +0 war axe
 v - the +6 mace "Enoxkaur" (weapon) {vamp, Drain rF+ rCorr}
   (You found it on level 3 of the Dungeon)

   rF+:       It protects you from fire.
   rCorr:     It protects you from acid and corrosion.
   Drain:     It drains your maximum health when unequipped.
Missiles
 q - 3 atropa-tipped darts (quivered)
Armour
 b - a +0 scale mail (worn)
 c - a +2 buckler (worn)
 i - a +0 plate armour
 m - a +0 pair of boots (worn)
Jewellery
 o - an amulet of guardian spirit
 u - an amulet of reflection (around neck)
 z - a ring of magical power
Wands
 D - a wand of iceblast (9)
Scrolls
 g - a scroll of fear
 j - a scroll of poison
 n - a scroll of torment
 p - a scroll of immolation
 s - a scroll of vulnerability {unknown}
 t - 2 scrolls of teleportation
 w - a scroll of blinking {unknown}
 x - a scroll of silence {unknown}
 y - a scroll of enchant weapon
Potions
 d - a potion of might
 e - a potion of invisibility
 f - a potion of resistance {unknown}
 h - 2 potions of haste
 k - 3 potions of curing {unknown}
 l - 3 potions of heal wounds
 r - 3 potions of enlightenment
 A - a potion of mutation {unknown}
 C - a potion of attraction {unknown}


   Skills:
 + Level 5.5 Fighting
 * Level 6.3(6.7) Axes
 + Level 3.3(5.3) Maces & Flails
 - Level 2.6 Armour
 + Level 4.0 Dodging
 - Level 2.6 Shields


You had 7 spell levels left.
You didn't know any spells.
Your spell library contained the following spells:

 Spells                   Type           Power      Damage    Failure   Level
 Apportation              Tloc           0%         N/A       86%         1
 Sandblast                Erth           0%         2d4       86%         1
 Cigotuvi's Dreadful Rot  Necr/Pois/Air  0%         N/A       94%         2
 Ignite Poison            Fire/Tmut/Pois 0%         N/A       99%         3
 Portal Projectile        Hex/Tloc       0%         N/A       99%         3
 Stone Arrow              Conj/Erth      0%         3d7       99%         3
 Tukima's Dance           Hex            0%         N/A       99%         3
 Iskenderun's Mystic Bla  Conj/Tloc      0%         2d3       100%        4
 Alistair's Intoxication  Tmut/Pois      0%         N/A       100%        5
 Freezing Cloud           Conj/Ice/Air   0%         6-21      100%        5
 Lee's Rapid Deconstruct  Erth           0%         3d4*      100%        5
 Fire Storm               Conj/Fire      0%         5d1       100%        9


Dungeon Overview and Level Annotations

Branches:
Dungeon (6/15)             Temple (1/1) D:4           Sewer (visited)

Altars:
Ashenzari
Cheibriados
Dithmenos
Fedhas
Gozag
Hepliaklqana
Kikubaaqudgha
Makhleb
Nemelex Xobeh
Qazlal
Sif Muna
Trog
Uskayaw
Vehumet
Wu Jian
Xom
Yredelemnul


Innate Abilities, Weirdness & Mutations

You have a pair of horns on your head.
You are mostly covered in rugged brown scales. (AC +2, +5% HP)


Message History

The boomerang hits the orc warrior!
The orc priest barely misses you.
The orc warrior hits you with a +0 halberd!
Things that are here:
10 gold pieces; a +0 dagger; a +0 robe You take 11 damage, and have 30/66 hp.
You barely miss the orc warrior. Your headbutt misses the orc warrior.
The orc warrior is moderately wounded.
The orc priest misses you. You block the orc warrior's attack. x2
You block the orc priest's attack.
You hit the orc warrior but do no damage.
The orc warrior is moderately wounded.
The orc priest hits you with a +0 trident.
* * * LOW HITPOINT WARNING * * *
The orc warrior is distracted by your dazzling golden aura.
The orc warrior shouts!
You take 6 damage, and have 24/66 hp.
A red film seems to cover your vision as you go berserk!
You feel yourself moving faster!
You feel mighty!
The orc priest mumbles some strange prayers to Beogh against you.
Beogh smites you!
* * * LOW HITPOINT WARNING * * *
You now have 21/99 hp.
You barely miss the orc warrior.
The orc warrior is no longer distracted by gold.
The orc warrior is moderately wounded.
The orc priest invokes the aid of Beogh against you.
Beogh smites you!
* * * LOW HITPOINT WARNING * * *
You block the orc warrior's attack.
You take 13 damage, and have 8/99 hp.
You closely miss the orc warrior.
The orc warrior is moderately wounded.
Unknown command.
You sock the orc priest!
The orc priest is severely wounded.
You block the orc priest's attack.
The orc warrior hits you with a +0 halberd!
You die...
Your body crumbles into a pile of gold.

##.....##
#.......# #.
##...## ###...###
#. ##+# #...# #.
###.######## ##.##
#. #...... ...#
#.# ## #......
#.#####.# #......
#.......#
#.....o###.#######
#.....o@...#
###.########


You could see an orc warrior and an orc priest.

Vanquished Creatures
  A black bear (D:5)
  2 centaurs
  A phantom (D:6)
  A kobold brigand (Sewer)
  3 scorpions
  4 wights (D:4)
  6 hounds
  A jelly (D:5)
  An orc wizard (D:6)
  An iguana (D:6)
  3 gnolls (D:3)
  5 river rats
  14 adders
  A white imp (D:6)
  2 worms (D:4)
  4 dart slugs
  5 orcs
  9 endoplasms
  5 giant cockroaches
  4 goblins (D:1)
  8 hobgoblins
  11 jackals
  5 quokkas
  3 ball pythons
  4 bats
  3 frilled lizards
  10 kobolds
  6 rats
123 creatures vanquished.

Notes
Turn   | Place    | Note
-------+----------+-------------------------------------------
     0 | D:1      | Iich the Demonspawn Fighter began the quest for the Orb.
     0 | D:1      | Reached XP level 1. HP: 18/18 MP: 1/1
    86 | D:1      | Reached skill level 2 in Axes
   102 | D:1      | Gained mutation: You are partially covered in rugged brown
                  | scales. (AC +1, +3% HP) [demonic ancestry]
   102 | D:1      | Reached XP level 2. HP: 17/24 MP: 2/2
   394 | D:1      | Found a faded altar of an unknown god.
   405 | D:1      | Reached skill level 1 in Dodging
   561 | D:1      | Reached XP level 3. HP: 27/29 MP: 3/3
  1159 | D:2      | Reached skill level 3 in Axes
  1464 | D:3      | Gained mutation: You have a pair of small horns on your
                  | head. [demonic ancestry]
  1464 | D:3      | Reached XP level 4. HP: 20/36 MP: 2/4
  1622 | D:3      | Got the Disquisition on Charred Grit
  1928 | D:3      | Identified the +6 mace "Enoxkaur" {vamp, Drain rF+ rCorr}
  1972 | D:4      | Gained mutation: You have a pair of horns on your head.
                  | [demonic ancestry]
  1972 | D:4      | Reached XP level 5. HP: 39/43 MP: 5/5
  2037 | D:4      | Reached skill level 4 in Axes
  2037 | D:4      | Reached skill level 1 in Maces & Flails
  2043 | D:4      | Gained mutation: You are mostly covered in rugged brown
                  | scales. (AC +2, +5% HP) [demonic ancestry]
  2043 | D:4      | Reached XP level 6. HP: 7/50 MP: 6/6
  2318 | D:4      | Found a staircase to the Ecumenical Temple.
  2327 | Temple   | Entered the Ecumenical Temple
  2491 | D:4      | Found a radiant altar of Vehumet.
  2623 | D:4      | Found a glowing drain.
  2627 | Sewer    | Entered a sewer
  2749 | Sewer    | Reached XP level 7. HP: 52/57 MP: 7/7
  2996 | D:4      | Found an ancient bone altar of Kikubaaqudgha.
  2997 | D:4      | Found a hazy altar of Hepliaklqana.
  3076 | D:5      | Entered Level 5 of the Dungeon
  3195 | D:5      | Reached skill level 5 in Axes
  3417 | D:5      | Reached skill level 5 in Fighting
  3675 | D:5      | Reached XP level 8. HP: 65/65 MP: 8/8
  4058 | D:6      | Found a burning altar of Makhleb.
  4259 | D:6      | Reached skill level 6 in Axes
  4370 | D:6      | Found an opulent altar of Gozag.
  4402 | D:6      | Became a worshipper of Gozag Ym Sagoz the Greedy
  4648 | D:6      | Mangled by an orc warrior

Illustrated notes

Levels and vault maps discovered:
D:1:      dpeg_arrival_lava_altar, layout_loops_ring,
          chequers_ecumenical_altar_simple_redux
D:2:      layout_basic
D:3:      layout_rooms, st_stairs_3
D:4:      layout_rooms, nicolae_vehumet_radiance, nicolae_overflow_squiral,
          temple_statues, gup_sewer_entry_spiral
D:5:      layout_loops_ring, kennysheep_mini_moat, nrook_mini_backslash
D:6:      layout_loops_corners, mainiacjoe_overflow_24_doors,
          grunt_gozag_breadcrumbs, kennysheep_generic_room_7
Temple:   jpeg_temple_clearing

Skill      XL: |  1  2  3  4  5  6  7  8 |
---------------+-------------------------+-----
Axes           | 2 3 4 5 6 |  6.3
Dodging        | 1 2 3 4 |  4.0
Fighting       | 4 5 |  5.5
Maces & Flails | 1 2 3 |  3.3
Armour         | |  2.6
Shields        | |  2.6

Action                     |  1- 3 |  4- 6 |  7- 9 || total
---------------------------+-------+-------+-------++-------
  Melee: War axe           |    90 |    49 |       ||   139
         Headbutt          |       |    23 |    12 ||    35
         Mace              |       |   112 |   122 ||   234
    Use: Scroll            |     6 |     1 |     2 ||     9
         Potion            |     4 |     2 |     1 ||     7
 Armour: Scale mail        |    37 |    57 |    38 ||   132
         Skin              |     7 |     6 |       ||    13
  Dodge: Dodged            |    35 |    58 |    44 ||   137
  Block: Buckler           |    29 |    94 |    69 ||   192
         Reflection        |       |     1 |     3 ||     4

Table legend: (Time is in decaauts)
 A = Elapsed time spent in this place.
 B = Non-inter-level travel time spent in this place.
 C = Inter-level travel time spent in this place.
 D = Time resting spent in this place.
 E = Time spent auto-exploring this place.
 F = Levels seen in this place.
 G = Mean time per level.
                   A        B        C        D        E       F      G
               +--------+--------+--------+--------+--------+-----+--------+
         Total |   4821 |   4698 |    123 |    242 |   3068 |   8 |  602.6 |
       Dungeon |   4505 |   4413 |     92 |    242 |   2944 |   6 |  750.8 |
        Temple |     58 |     27 |     31 |      0 |      0 |   1 |   58.0 |
         Sewer |    257 |    257 |      0 |      0 |    124 |   1 |  257.0 |
               +--------+--------+--------+--------+--------+-----+--------+

Top non-repeatable levels by time:
     D:4: 930 daAuts
     D:5: 909 daAuts
     D:1: 822 daAuts
     D:6: 685 daAuts
     D:2: 586 daAuts
     D:3: 570 daAuts
   Sewer: 257 daAuts
  Temple: 58 daAuts
